 Dungeon Crawl Stone Soup version 0.24-a0-170-gd8427f5 (webtiles) character file.

Game seed: 17323489915514250722

8 galech the Skirmisher (level 2, 22/24 HPs)
             Began as a Demonspawn Fighter on Mar 11, 2019.
             Quit the game on level 1 of the Dungeon.
             The game lasted 00:00:30 (458 turns).

galech the Skirmisher (Demonspawn Fighter)           Turns: 458, Time: 00:00:31

Health: 22/24      AC:  9    Str: 16    XL:     2   Next: 0%
Magic:  2/2        EV:  4    Int:  9    God:
Gold:   56         SH:  8    Dex: 12    Spells: 1/1 levels left

rFire    . . .     SeeInvis .   a - +0 war axe
rCold    . . .     Gourm    .   c - +0 shield
rNeg     . . .     Faith    +   i - +0 chain mail
rPois    .         Spirit   .   (no helmet)
rElec    .         Reflect  .   (no cloak)
rCorr    .         Harm     .   (no gloves)
MR       .....                  (no boots)
Stlth    ..........             j - amulet of faith
HPRegen  0.08/turn              (no ring)
MPRegen  0.08/turn              (no ring)

@: no status effects
A: demonic guardian 1
a: no special abilities


You were on level 1 of the Dungeon.
You were not hungry.

You visited 1 branch of the dungeon, and saw 1 of its levels.

You collected 56 gold pieces.

Inventory:

Hand Weapons
 a - a +0 war axe (weapon)
Armour
 c - a +0 shield (worn)
 i - a +0 chain mail (worn)
Jewellery
 j - an amulet of faith (around neck)
Scrolls
 h - a scroll of teleportation {unknown}
Potions
 d - 2 potions of might
 e - a potion of curing {unknown}
 g - a potion of mutation {unknown}
 k - a potion of heal wounds {unknown}
Comestibles
 b - a chunk of flesh
 f - 3 rations


   Skills:
 + Level 3.1 Fighting
 + Level 1.9 Axes
 + Level 2.8 Armour
 + Level 2.8 Shields


You had one spell level left.
You didn't know any spells.
Your spell library was empty.

Dungeon Overview and Level Annotations

Branches:
Dungeon (1/15)

Altars:


Innate Abilities, Weirdness & Mutations

A weak demonic guardian rushes to your aid.


Message History

The leopard gecko bites you.
You barely miss the leopard gecko. You block the leopard gecko's attack.
The leopard gecko bites you but does no damage.
You closely miss the leopard gecko. The leopard gecko barely misses you.
The leopard gecko bites you.
You closely miss the leopard gecko. The leopard gecko bites you.
The leopard gecko barely misses you.
You slash the leopard gecko!
You kill the leopard gecko!
You have reached level 2!
Your demonic ancestry asserts itself...
You feel the presence of a demonic guardian.
There is an open door here.
You open the door.
There is an open door here.
As you open the door, it creaks loudly!
There is an open door here.
d - 2 potions of might (gained 1)
k - a ruby potion Are you sure you want to abandon this character and quit the game? (Confirm with "yes".)

#........# #.# #........#
#.# ######...# #.#
###..### ##### #.#
#...>.># #...# #.#
#......# #.#'########.#
#......# #.#.....'.##.#
#......#####.#.###.#....#
####'###..@..#.###.####.#
#.# #.#####.###.# #.# #.#
#.#.#.'.....# #.# #.#
#.#...#####'# #.# #.#
#.#.### #..####.# #.#
#.#.# #.......# #.# #.#.#
#.#######
#.###.#.######.#
#.......#......#


There were no monsters in sight!

Vanquished Creatures
  A leopard gecko (D:1)
  2 bats (D:1)
  A goblin (D:1)
  3 kobolds (D:1)
  A rat (D:1)
8 creatures vanquished.

Notes
Turn   | Place    | Note
-------+----------+-------------------------------------------
     0 | D:1      | galech the Demonspawn Fighter began the quest for the Orb.
     0 | D:1      | Reached XP level 1. HP: 18/18 MP: 1/1
   421 | D:1      | Gained mutation: A weak demonic guardian rushes to your
                  | aid. [demonic ancestry]
   421 | D:1      | Reached XP level 2. HP: 19/24 MP: 2/2
   458 | D:1      | Quit the game

Levels and vault maps discovered:
D:1:      nicolae_arrival_memento_mori, layout_basic, minmay_misc_feat_encased

Action                   || total
-------------------------++-------
Melee: War axe           ||    35
Armor: Chain mail        ||    29
       Scale mail        ||     5
Dodge: Dodged            ||    16
Block: Shield            ||    16

Table legend:
 A = Non-vault XP
 B = Vault XP
 C = Vault XP percentage of total XP
 D = Non-vault monster count
 E = Vault monster count
 F = Vault count percentage of total count
                 A         B        C        D         E       F
            +---------+---------+-------+---------+---------+-------
      Total |      12 |       0 |   0.0 |       8 |       0 |   0.0
            +---------+---------+-------+---------+---------+-------
        D:1 |      12 |       0 |   0.0 |       8 |       0 |   0.0
            +---------+---------+-------+---------+---------+-------
